Map: Darkness Sanctuary LE

Players

Snoxtar - Winner!

  • Race: Zerg Zerg
  • Spawn Location: 11:00

kauP

  • Race: Terran Terran
  • Spawn Location: 5:00

Event: WCS Valencia 2018

VOD

Have the link to the VOD?

Description

Time

  • Played on: July 12, 2018, 7:26 a.m.
  • Length: 13:31

All games in this series

Show
View Real Time Build Order
Export as new Build Order

Snoxtar Zerg - Winner!

Build Orders: Pool First 

Get SALT Encoding   

  12  0:00  Drone  
  13  0:12  Overlord  
  13  0:17  Drone  
  14  0:31  Drone x2  
  14  0:35  Extractor, Drone  
  16  0:45  Drone  
  17  0:51  Spawning Pool  
  17  0:56  Drone  
  17  1:07  Drone  
  18  1:23  Hatchery  
  17  1:38  Metabolic Boost  
  17  1:40  Zergling x6  
  20  1:51  Overlord  
  20  1:56  Queen  
  22  2:12  Zergling x2  
  22  2:13  Zergling x2  
  24  2:24  Drone  
  25  2:33  Queen  
  25  2:35  Queen  
  29  2:48  Zergling x4, Drone x2  
  33  2:56  Overlord  
  32  3:02  Drone  
  32  3:05  Overlord  
  32  3:11  Drone  
  32  3:12  Drone x2  
  34  3:13  Drone  
  34  3:18  Drone  
  35  3:30  Drone x2  
  37  3:37  Drone  
  38  3:47  Hatchery, Drone x2  
  39  3:48  Drone x2  
  39  3:52  Drone x2  
  39  3:53  Drone x2  
  45  3:56  Drone  
  45  4:01  Evolution Chamber  
  44  4:03  Evolution Chamber  
  44  4:05  Drone  
  44  4:06  Overlord  
  44  4:15  Drone  
  44  4:16  Extractor  
  44  4:18  Drone  
  44  4:19  Drone x2  
  44  4:20  Overlord  
  44  4:21  Zergling x2  
  48  4:26  Zergling x2  
  48  4:27  Zergling x2  
  50  4:31  Zerg Ground Armor Level 1  
  50  4:33  Zerg Melee Weapons Level 1  
  50  4:35  Extractor  
  49  4:39  Drone x3  
  49  4:41  Zergling x2  
  53  4:49  Zergling x6  
  53  4:50  Baneling Nest  
  55  4:54  Drone x3  
  55  4:55  Drone  
  57  5:02  Drone  
  57  5:03  Extractor, Drone  
  58  5:10  Drone x3  
  58  5:13  Zergling x2  
  62  5:17  Zergling x2  
  62  5:19  Overlord  
  62  5:20  Zergling x4  
  65  5:23  Zergling x2  
  66  5:32  Zergling x2  
  66  5:35  Overlord  
  67  5:38  Baneling  
  67  5:40  Zergling x2  
  67  5:42  Zergling x2  
  63  5:47  Zergling x2  
  63  5:48  Baneling x2  
  62  5:51  Zergling x4  
  62  5:52  Zergling x2  
  62  5:53  Zergling x2  
  62  5:54  Zergling x2  
  62  5:56  Zergling x2  
  59  5:58  Zergling x6, Queen  
  59  6:01  Zergling x2  
  63  6:06  Zergling x4, Queen  
  61  6:13  Baneling x4  
  61  6:14  Baneling  
  61  6:15  Zergling x4  
  63  6:20  Zergling x2  
  63  6:23  Zergling x2  
  59  6:31  Zergling x2  
  54  6:38  Zergling x2  
  57  6:41  Baneling x2  
  57  6:44  Zergling x2  
  57  6:45  Zergling x4  
  58  6:48  Lair  
  58  6:52  Zergling x2  
  59  6:55  Drone  
  59  6:56  Zerg Missile Weapons Level 1  
  59  6:58  Roach Warren  
  59  7:02  Hatchery  
  59  7:06  Drone x2  
  60  7:15  Drone x4  
  63  7:17  Drone x3  
  64  7:23  Drone  
  64  7:24  Baneling x3  
  64  7:25  Baneling x3  
  64  7:26  Baneling x2  
  66  7:30  Drone x2  
  67  7:38  Roach  
  67  7:40  Roach  
  71  7:48  Glial Reconstitution  
  73  7:51  Spire, Roach  
  73  7:53  Roach x2  
  76  8:02  Roach  
  76  8:03  Roach  
  79  8:07  Extractor  
  79  8:08  Extractor  
  79  8:10  Drone x3  
  79  8:12  Drone x2  
  82  8:17  Drone  
  82  8:18  Queen  
  82  8:19  Drone x3  
  88  8:25  Zerg Melee Weapons Level 2  
  88  8:27  Drone x2  
  89  8:33  Roach  
  89  8:39  Overlord  
  89  8:41  Overlord  
  89  8:42  Overlord  
  89  8:58  Overlord x2  
  89  8:59  Zerg Missile Weapons Level 2  
  89  9:01  Hatchery  
  88  9:12  Mutalisk x2  
  88  9:13  Mutalisk x4  
  88  9:14  Mutalisk  
  88  9:16  Mutalisk  
  104  9:22  Mutalisk x2  
  108  9:29  Mutalisk x2, Zerg Flyer Weapons Level 1  
  109  9:34  Mutalisk  
  109  9:35  Mutalisk  
  109  9:37  Mutalisk  
  114  9:47  Overlord x2, Infestation Pit  
  114  9:49  Overlord  
  113  9:53  Overlord  
  113  10:04  Overlord  
  113  10:05  Overlord  
  113  10:08  Roach x4  
  113  10:09  Roach  
  113  10:12  Roach x2  
  113  10:13  Extractor  
  126  10:15  Baneling  
  126  10:17  Roach x2  
  126  10:19  Ravager x3  
  133  10:22  Overlord  
  133  10:24  Roach  
  133  10:26  Roach  
  139  10:28  Roach  
  139  10:30  Roach  
  139  10:32  Roach  
  139  10:33  Zergling x2  
  139  10:35  Drone  
  145  10:43  Baneling  
  145  10:45  Zergling x10  
  145  10:46  Zergling x2  
  145  10:47  Zergling x2  
  145  10:48  Zergling x2  
  145  10:49  Zergling x2  
  154  10:51  Zergling x2  
  154  10:54  Overlord  
  153  10:58  Overlord  
  153  11:00  Zergling x4  
  153  11:05  Hive  
  153  11:07  Overlord  
  153  11:09  Zergling x2  
  148  11:12  Roach x2  
  148  11:15  Roach  
  148  11:17  Roach  
  156  11:19  Roach  
  156  11:21  Roach  
  156  11:22  Roach  
  158  11:35  Zergling x8  
  158  11:39  Baneling x2  
  162  11:40  Baneling x4  
  162  11:41  Zergling x4  
  162  11:44  Zergling x2  
  162  11:46  Zergling x2  
  164  11:48  Zergling x2  
  164  11:49  Zergling x2  
  164  11:51  Zergling x4  
  164  11:53  Zergling x2  
  169  11:56  Queen  
  169  11:58  Extractor  
  170  12:02  Drone x3  
  170  12:03  Drone x4  
  177  12:12  Overlord  
  177  12:15  Drone x4  
  178  12:18  Ultralisk Cavern  
  177  12:33  Zergling x2  
  177  12:34  Zergling x8  
  182  12:38  Baneling x5  
  182  12:39  Baneling x3  
  182  12:40  Baneling  
  182  12:46  Zergling x2  
  182  12:47  Zergling x2  
  182  12:49  Overlord  
  183  12:55  Overlord  
  183  12:57  Overlord  
  183  12:58  Overlord  
  167  13:01  Zergling x8  
  167  13:02  Zergling x2  
  136  13:08  Zergling x4  
  136  13:10  Zergling x10  
  136  13:11  Zergling x2  
  120  13:13  Zergling x2  
  120  13:14  Zergling x2  
Show
View Real Time Build Order
Export as new Build Order

kauP Terran 

Build Orders: Reaper Expand, Mech 

Get SALT Encoding   

  12  0:00  SCV  
  13  0:13  SCV  
  14  0:17  Supply Depot  
  14  0:25  SCV  
  15  0:38  SCV  
  15  0:39  Barracks  
  16  0:45  Refinery  
  16  0:51  SCV  
  17  1:03  SCV  
  18  1:16  SCV  
  19  1:27  Reaper  
  19  1:28  Orbital Command  
  20  1:40  Command Center  
  20  1:48  Refinery  
  21  1:54  SCV  
  21  2:01  Supply Depot  
  21  2:02  Marine  
  21  2:06  SCV  
  23  2:11  Factory  
  23  2:21  Barracks Reactor  
  23  2:23  SCV  
  24  2:35  SCV  
  25  2:47  SCV  
  25  2:59  SCV  
  25  3:02  Orbital Command  
  26  3:11  SCV, Hellion x2  
  25  3:23  SCV  
  26  3:27  Starport  
  26  3:32  Hellion  
  26  3:33  Hellion  
  30  3:35  SCV  
  30  3:36  Orbital Command  
  31  3:47  Armory, SCV  
  32  3:54  Hellion  
  34  3:59  SCV  
  35  4:04  Medivac  
  35  4:07  SCV  
  35  4:08  Supply Depot  
  38  4:11  SCV  
  38  4:15  Hellion x2  
  43  4:19  SCV  
  43  4:23  SCV  
  45  4:25  Barracks Tech Lab  
  45  4:30  Supply Depot  
  45  4:31  SCV  
  45  4:36  SCV, Hellion  
  49  4:40  Hellion  
  49  4:43  SCV  
  52  4:48  SCV  
  52  4:51  Supply Depot  
  52  5:02  Hellion  
  52  5:03  Hellion  
  56  5:08  SCV x2  
  56  5:10  Terran Vehicle Weapons Level 1  
  58  5:15  Supply Depot  
  58  5:24  Hellion x2  
  58  5:27  SCV  
  58  5:28  SCV  
  64  5:40  SCV x2  
  66  5:46  Factory  
  66  5:47  Factory  
  66  5:49  Barracks Tech Lab  
  63  5:51  Hellion x7  
  63  5:52  SCV x2  
  61  6:02  Supply Depot  
  61  6:04  SCV x2  
  61  6:13  Hellion x2  
  61  6:16  SCV x2  
  63  6:28  SCV x2  
  50  6:34  Hellion  
  50  6:35  Hellion  
  52  6:40  SCV  
  52  6:41  SCV  
  52  6:43  Command Center  
  54  6:51  Siege Tank x2  
  54  6:52  SCV  
  54  6:53  SCV  
  60  7:00  Supply Depot x2  
  60  7:03  Hellion x2  
  64  7:08  SCV  
  64  7:09  Refinery x2  
  64  7:10  Starport Reactor  
  65  7:21  Barracks Tech Lab  
  65  7:23  SCV  
  65  7:24  SCV  
  67  7:31  Siege Tank  
  67  7:32  Siege Tank, Hellion x2  
  67  7:35  SCV  
  67  7:36  Supply Depot  
  78  7:39  Infernal Pre-Igniter  
  78  7:46  Supply Depot  
  78  7:53  Stimpack, Marine  
  78  7:55  Orbital Command  
  79  7:58  SCV x2  
  79  8:04  Siege Tank  
  79  8:05  Siege Tank  
  83  8:06  Hellion  
  83  8:10  SCV, Hellion  
  83  8:11  SCV  
  87  8:14  Supply Depot, Marine  
  88  8:23  Viking  
  90  8:29  SCV x2  
  88  8:41  Command Center  
  88  8:44  Marine  
  89  8:53  SCV x2  
  91  9:05  SCV x2  
  91  9:07  Siege Tank x2  
  91  9:08  Hellion x2  
  99  9:29  Barracks x2  
  99  9:30  Barracks  
  99  9:31  Barracks  
  97  9:34  Starport Reactor  
  97  9:36  Orbital Command  
  97  9:38  Hellion x2  
  101  9:41  Marine  
  101  9:45  Terran Vehicle Weapons Level 2  
  100  9:46  Engineering Bay  
  100  9:48  Engineering Bay  
  100  10:05  Marine  
  101  10:09  SCV x3  
  101  10:12  Terran Infantry Weapons Level 1  
  101  10:14  Terran Infantry Armor Level 1  
  104  10:20  Starport Reactor, Factory Tech Lab  
  104  10:21  SCV x2, Barracks Reactor  
  105  10:23  Missile Turret x2  
  105  10:24  Missile Turret  
  105  10:26  Missile Turret  
  95  10:29  Missile Turret  
  95  10:30  Marine x4  
  95  10:34  Missile Turret  
  92  10:36  Missile Turret x2  
  90  10:43  Missile Turret  
  90  10:46  Marine x3  
  90  10:48  Marine x3  
  94  11:04  Marine  
  94  11:05  Marine x5  
  88  11:12  Marine  
  88  11:13  Marine  
  88  11:18  Missile Turret  
  87  11:24  Marine  
  87  11:25  Marine x5, Medivac  
  88  11:26  Medivac  
  88  11:31  Marine  
  86  11:51  Marine x7  
  86  11:52  Marine  
  90  11:56  Combat Shield  
  90  12:03  Marine  
  90  12:08  Marine  
  90  12:09  Marine x3  
  93  12:17  Marine  
  94  12:29  Marine x6  
  97  12:33  Marine  
  97  12:34  Marine  
  102  12:47  Marine  
  103  12:53  Marine  
  104  13:00  Marine x2  
  74  13:08  Marine  
Tags
 
Add a new tag
Caveats
  • Supply blocks, unpowered buildings, or Contaminate may cause inaccurate times.
  • Supply counts are checked every 10 seconds.